 Dungeon Crawl Stone Soup version 0.31-a0-675-g238779eb0a (webtiles) character file.

Game seed: 11986516579663537829

21 GloriousHammer the Trooper (level 2, -1/32 HPs)
             Began as an Ogre Warper on Sept 6, 2023.
             Slain by a hobgoblin (2 damage)
             ... on level 1 of the Dungeon.
             The game lasted 00:01:49 (426 turns).

GloriousHammer the Trooper (Ogre Warper)             Turns: 426, Time: 00:01:50

Health: -1/32      AC:  3    Str: 14    XL:     2   Next: 83%
Magic:  5/5        EV:  9    Int: 14    God:
Gold:   74         SH:  0    Dex:  8    Spells: 5/5 levels left

rFire   . . .        e - +0 whip
rCold   . . .        (no shield)
rNeg    . . .        b - +0 robe
rPois   .            (helmet restricted)
rElec   .            (no cloak)
rCorr   .            (gloves unavailable)
SInv    .            (boots unavailable)
Will    .....        (no amulet)
Stlth   +            (no ring)
HPRegen 0.25/turn    (no ring)
MPRegen 0.09/turn

%: no passive effects
@: no status effects
A: large, unfitting armour, tough skin 1
a: no special abilities


You were on level 1 of the Dungeon.
You visited 1 branch of the dungeon, and saw 1 of its levels.

You collected 74 gold pieces.

Inventory:

Hand Weapons
 a - a +0 mace
 e - a +0 whip (weapon)
Armour
 b - a +0 robe (worn)
Jewellery
 v - a ring of see invisible
Scrolls
 c - a scroll of blinking
 h - a scroll of teleportation {unknown}
Potions
 f - a potion of might {unknown}


   Skills:
 * Level 3.9 Fighting
 + Level 2.2 Maces & Flails
 - Level 1.0 Throwing
 - Level 2.1 Dodging
 - Level 2.4 Spellcasting
 - Level 2.6 Translocations


You had 5 spell levels left.
You didn't know any spells.
Your spell library contained the following spells:

 Spells                   Type           Power      Damage    Failure   Level
 Blink                    Tloc           18%        N/A       12%         2
 Lesser Beckoning         Tloc           18%        N/A       12%         2
 Teleport Other           Tloc           9%         N/A       22%         3
 Manifold Assault         Tloc           9%         N/A       58%         4
 Vhi's Electric Charge    Tloc/Air       10%        N/A       78%         4


Dungeon Overview and Level Annotations

Branches:
Dungeon (1/15)

Altars:
Lugonu

Shops:
D:1 *((

Portals:
Abyss: D:1

Annotations:
D:1 2 runed translucent doors


Innate Abilities, Weirdness & Mutations

You are too large for most types of armour.
You have tough skin. (AC +1)


Message History

A hobgoblin comes into view.
There is a dry fountain here.
There is a dry fountain here.
You hit the rat.
You kill the rat!
A quokka comes into view.
You see here a rat corpse.
The hobgoblin closely misses you.
You completely miss the hobgoblin. The hobgoblin closely misses you.
You hit the hobgoblin but do no damage. The hobgoblin hits you.
You closely miss the hobgoblin. The hobgoblin barely misses you.
The quokka bites you.
You closely miss the hobgoblin. The quokka bites you.
The hobgoblin hits you but does no damage.
You barely miss the hobgoblin. The quokka bites you.
The hobgoblin barely misses you.
You hit the hobgoblin but do no damage. The quokka bites you.
The hobgoblin hits you.
You hit the hobgoblin but do no damage.
The quokka bites you but does no damage.
The hobgoblin misses you. The quokka bites you.
You barely miss the hobgoblin. The hobgoblin closely misses you.
The quokka bites you.
You closely miss the hobgoblin. The quokka misses you. The hobgoblin hits you.
* * * LOW HITPOINT WARNING * * *
You closely miss the hobgoblin.
The quokka bites you but does no damage.
The hobgoblin hits you but does no damage.
Unknown command.
You closely miss the hobgoblin. The quokka barely misses you.
The hobgoblin misses you.
You hit the hobgoblin but do no damage. The quokka bites you.
* * * LOW HITPOINT WARNING * * *
The hobgoblin hits you but does no damage.
The quokka bites you.
* * * LOW HITPOINT WARNING * * *
Throw: 7 darts (disperse)
Press: ? - help, Q - select action, (/) - cycle Shift-Dir - straight line, f - quokka
Aim: a quokka (35% to hit)
You throw a dart of dispersal. The dart of dispersal hits the quokka.
The quokka blinks!
The hobgoblin barely misses you.
Throw: 6 darts (disperse)
Press: ? - help, Q - select action, (/) - cycle Shift-Dir - straight line, f/p - quokka
Aim: a quokka (35% to hit)
You throw a dart of dispersal.
The dart of dispersal hits the hobgoblin.
The hobgoblin blinks!
There is a dry fountain here.
Throw: 2 darts (poison)
Press: ? - help, Q - select action, (/) - cycle Shift-Dir - straight line, f/p - quokka
Aim: a quokka (35% to hit)
You throw a poisoned dart. The poisoned dart hits the quokka.
You hit the hobgoblin but do no damage.
The hobgoblin hits you but does no damage.
Throw: dart (poison)
Press: ? - help, Q - select action, (/) - cycle Shift-Dir - straight line, f/p - quokka
Aim: a quokka (35% to hit)
You throw a poisoned dart.
The poisoned dart barely misses the quokka.
The hobgoblin hits you.
* * * LOW HITPOINT WARNING * * *
The quokka bites you but does no damage.
Throw: 5 darts (disperse)
Press: ? - help, Q - select action Shift-Dir - straight line, f/p - quokka
Aim: a quokka (35% to hit)
You throw a dart of dispersal.
The dart of dispersal misses the quokka.
The quokka barely misses you.
The hobgoblin hits you but does no damage.
Unknown command.
Throw: 4 darts (disperse)
Press: ? - help, Q - select action Shift-Dir - straight line, f/p - quokka
Aim: a quokka (35% to hit)
You throw a dart of dispersal.
The dart of dispersal barely misses the quokka.
The quokka barely misses you. The hobgoblin closely misses you.
Throw: 3 darts (disperse)
Press: ? - help, Q - select action Shift-Dir - straight line, f/p - quokka
Aim: a quokka (35% to hit)
You throw a dart of dispersal.
The dart of dispersal barely misses the quokka.
The quokka closely misses you. The hobgoblin hits you.
* * * LOW HITPOINT WARNING * * *
Throw: 2 darts (disperse)
Press: ? - help, Q - select action Shift-Dir - straight line, f/p - quokka
Aim: a quokka (35% to hit)
You throw a dart of dispersal.
The dart of dispersal barely misses the quokka.
The quokka barely misses you. The hobgoblin hits you.
* * * LOW HITPOINT WARNING * * *
Throw: dart (disperse)
Press: ? - help, Q - select action Shift-Dir - straight line, f/p - quokka
Aim: a quokka (35% to hit)
You throw a dart of dispersal.
The dart of dispersal barely misses the quokka.
The quokka bites you.
* * * LOW HITPOINT WARNING * * *
The hobgoblin hits you.
You die...

# #......>..# #. #.
##.......## #. . #.#
#####.........# #.
...#..###.............# #.
##......#.###.......>.####
........8.8.8.........)>.†
..... .#.⌠.⌠....>.....####
##...##8†∩$8#.......##
#(..(..r@.⌠(........#
........8g8.8..#####..
#####............ ##.# ##
#.........#### ..##.
#.....∩..... .....
........#.#### ##..
............. ##..
############. ....
######################
####


You could see a quokka and a hobgoblin.

Vanquished Creatures
  2 ball pythons (D:1)
  An endoplasm (D:1)
  2 goblins (D:1)
  2 hobgoblins (D:1)
  2 quokkas (D:1)
  2 bats (D:1)
  3 frilled lizards (D:1)
  3 kobolds (D:1)
  4 rats (D:1)
21 creatures vanquished.

Notes
Turn   | Place    | Note
-------+----------+-------------------------------------------
     0 | D:1      | GloriousHammer the Ogre Warper began the quest for the Orb.
     0 | D:1      | Reached XP level 1. HP: 22/22 MP: 3/3
    28 | D:1      | Reached skill level 3 in Fighting
    53 | D:1      | Reached XP level 2. HP: 7/31 MP: 5/5
   166 | D:1      | Found a large runed translucent door.
   166 | D:1      | Found a large runed translucent door.
   208 | D:1      | Found a one-way gate to the infinite horrors of the Abyss.
   209 | D:1      | Found a corrupted altar of Lugonu.
   269 | D:1      | Found Mureyss's Weapon Shoppe.
   384 | D:1      | Found Jeohuju's General Store.
   394 | D:1      | Found Xist's Weapon Emporium.
   426 | D:1      | HP: 1/32 [quokka (2)]
   426 | D:1      | Slain by a hobgoblin

Illustrated notes

Levels and vault maps discovered:
D:1:      erik_arrival_cave_to_civilisation [erik_arrival_cave_to_temple],
          layout_rooms, serial_shops, nicolae_shop_crystal,
          nicolae_shop_hallway_plus, shop,
          nicolae_shop_temple_entry_statues_fountains, shop

Skill      XL: |  1 |
---------------+----+-----
Fighting       | 3 |  3.9
Maces & Flails | 2 |  2.2
Throwing       | |  1.0
Dodging        | |  2.1
Spellcasting   | |  2.4
Translocations | |  2.6

Action                     || total
---------------------------++-------
  Melee: Mace              ||    30
         Punch             ||     1
         Whip              ||    60
  Throw: Dart              ||     9
 Armour: Robe              ||    72
  Dodge: Dodged            ||    52

Table legend: (Time is in decaauts)
 A = Elapsed time spent in this place.
 B = Non-inter-level travel time spent in this place.
 C = Inter-level travel time spent in this place.
 D = Time resting spent in this place.
 E = Time spent auto-exploring this place.
 F = Levels seen in this place.
 G = Mean time per level.
                   A        B        C        D        E       F      G
               +--------+--------+--------+--------+--------+-----+--------+
         Total |    434 |    434 |      0 |     90 |    163 |   1 |  434.0 |
       Dungeon |    434 |    434 |      0 |     90 |    163 |   1 |  434.0 |
               +--------+--------+--------+--------+--------+-----+--------+

Top non-repeatable levels by time:
     D:1: 434 daAuts
